 Dungeon Crawl Stone Soup version 0.30-a0-591-g3c58d2bc28 (webtiles) character file.

Game seed: 429915629145680327

103 omnomnOMINOUS the Digger (level 4, 0/29 HPs)
             Began as an Octopode Wanderer on Jan 5, 2023.
             Constricted to death by a ball python (1 damage)
             ... on level 3 of the Dungeon.
             The game lasted 00:03:27 (2073 turns).

omnomnOMINOUS the Digger (Octopode Wanderer)        Turns: 2073, Time: 00:03:28

Health: 0/29       AC:  1    Str: 10    XL:     4   Next: 79%
Magic:  8/8        EV: 10    Int: 15    God:
Gold:   72         SH:  0    Dex: 13    Spells: 1/8 levels left

rFire   . . .      SeeInvis .    a - +0 dagger
rCold   . . .      Faith    .    (no shield)
rNeg    . . .      Spirit   .    b - +0 hat
rPois   .          Reflect  .    f - amulet of the acrobat
rElec   .          Harm     .    d - +4 ring of slaying
rCorr   .          Rampage  .    (no ring)
Will    .....                    (no ring)
Stlth   +++                      (no ring)
HPRegen 0.24/turn                (no ring)
MPRegen 0.11/turn                (no ring)
                                 (no ring)
                                 (no ring)

@: brilliant, constricted
A: almost no armour, amphibious, 8 rings, camouflage 1, gelatinous body 1,
(nimble swimmer 1), tentacles
a: no special abilities


You were on level 3 of the Dungeon.
You visited 1 branch of the dungeon, and saw 3 of its levels.

You collected 72 gold pieces.

Inventory:

Hand Weapons
 a - a +0 dagger (weapon)
Missiles
 o - a throwing net
Armour
 b - a +0 hat (worn)
Jewellery
 d - a +4 ring of slaying (left tentacle)
 f - an amulet of the acrobat (around mantle)
 n - a +6 ring of intelligence
Scrolls
 c - 2 scrolls of silence
 e - a scroll of fear {unknown}
 g - 2 scrolls of immolation {unknown}
 i - 3 scrolls of identify {unknown}
 k - a scroll of magic mapping {unknown}
 l - 2 scrolls of teleportation {unknown}
Potions
 h - a potion of brilliance
 j - a potion of haste {unknown}
 m - a potion of heal wounds {unknown}
 p - a potion of ambrosia {unknown}
 q - a potion of attraction {unknown}
 s - a potion of berserk rage {unknown}
 t - a potion of lignification {unknown}


   Skills:
 + Level 1.9 Fighting
 + Level 1.3 Dodging
 - Level 1.3 Stealth
 - Level 1.0 Unarmed Combat
 + Level 2.7 Spellcasting
 * Level 1.1 Conjurations
 * Level 5.6 Earth Magic


You had one spell level left.
You knew the following spells:

 Your Spells              Type           Power      Damage    Failure   Level
a - Sandblast             Erth           56%        2d13      1%          1
b - Passwall              Tmut/Erth      12%        N/A       10%         2
c - Magic Dart            Conj           32%        1d4       13%         1
d - Mephitic Cloud        Conj/Pois/Air  4%         N/A       47%         3

Your spell library contained the following spells:

 Spells                   Type           Power      Damage    Failure   Level
 Call Imp                 Summ           3%         N/A       30%         2
 Portal Projectile        Hex/Tloc       6%         N/A       52%         3
 Tukima's Dance           Hex            3%         N/A       52%         3
 Petrify                  Tmut/Erth      15%        N/A       54%         4
 Blade Hands              Tmut           1%         N/A       99%         5


Dungeon Overview and Level Annotations

Branches:
Dungeon (3/15)

Altars:

Shops:
D:3 (


Innate Abilities, Weirdness & Mutations

You cannot wear most types of armour.
You are amphibious.
You can wear up to eight rings at the same time.
Your skin changes colour to match your surroundings (Stealth+).
Your rubbery body absorbs attacks. (AC +1, EV +1)
((You are camouflaged when in or above water. (Stealth+)))
You have tentacles for arms and can constrict up to eight enemies at once.


Message History

The kobold brigand is moderately wounded.
The orc hits you with a +0 club.
The orc wizard mumbles some strange words.
The orc wizard flickers and vanishes!
Deactivating autopickup; reactivate with Ctrl-A.
The kobold brigand hits you with a +0 whip!
You hear a shout!
You are too injured to fight recklessly!
You are too injured to fight recklessly!
You are too injured to fight recklessly!
You are too injured to fight recklessly!
You are too injured to fight recklessly!
You are too injured to fight recklessly!
You are too injured to fight recklessly!
You are too injured to fight recklessly!
Unknown command.
It was a potion of brilliance.
You feel clever all of a sudden. The orc barely misses you.
The orc closely misses you.
The orc wizard hits you but does no damage.
The kobold brigand hits you with a +0 whip!
* * * LOW HITPOINT WARNING * * *
Okay, then.
Unknown command.
Okay, then.
Unknown command.
It was a potion of curing.
You feel better. The ball python barely misses you. The ball python grabs you.
The ball python constricts you. The orc hits you with a +0 mace.
The orc completely misses you.
The orc wizard hits you with a +0 dagger.
The kobold brigand hits you but does no damage.
You feel better. The ball python barely misses you.
The ball python constricts you. The orc hits you with a +0 mace.
The orc barely misses you.
The orc wizard hits you with a +0 dagger.
The kobold brigand hits you with a +0 whip!
* * * LOW HITPOINT WARNING * * *
A goblin comes into view. It is wielding a +0 club.
The ball python barely misses you. The ball python constricts you.
You die...

.........## . #.
......#.# ###. ...
....#.#.# #.. ####
?..##.#..##.# #..
...##....# #. #.#
##..###
#.###o#####....######
####...Ko.:.............
......o@So..........####
#######o#.#######......#
#go.# ##.).#.# #.###
###.#.. #.# #.#.. ..#
#...# ...# #..## #g#
#..## ... #####....


You could see a kobold brigand, an orc wizard, 5 orcs, 2 goblins and a ball
python.

Vanquished Creatures
  4 adders (D:2)
  A worm (D:2)
  3 dart slugs (D:1)
  An orc (D:3)
  4 bats
  5 endoplasms
  3 giant cockroaches
  6 goblins
  4 hobgoblins
  7 jackals
  2 kobolds (D:1)
  2 quokkas
  3 ball pythons
  3 frilled lizards
  5 rats
53 creatures vanquished.

Notes
Turn   | Place    | Note
-------+----------+-------------------------------------------
     0 | D:1      | omnomnOMINOUS the Octopode Wanderer began the quest for the
                  | Orb.
     0 | D:1      | omnomnOMINOUS set off with the following items: a +0
                  | dagger, a +0 hat, 2 scrolls of silence; and the following
                  | spell memorised: Sandblast; and the following spells
                  | available to memorise: Passwall, Petrify.
     0 | D:1      | Reached XP level 1. HP: 13/13 MP: 3/3
   104 | D:1      | Reached XP level 2. HP: 12/18 MP: 5/5
   158 | D:1      | You fall into a shaft and drop 1 floor!
   302 | D:1      | Reached XP level 3. HP: 23/23 MP: 6/6
   309 | D:1      | Learned a level 2 spell: Passwall
   385 | D:1      | Reached skill level 1 in Dodging
   927 | D:2      | Learned a level 1 spell: Magic Dart
   975 | D:2      | Reached XP level 4. HP: 22/29 MP: 7/7
  1677 | D:2      | Found a faded altar of an unknown god.
  1812 | D:3      | Noticed a kobold brigand
  1879 | D:3      | Found Idatif's Weapon Emporium.
  1886 | D:3      | Reached skill level 1 in Conjurations
  1894 | D:3      | Learned a level 3 spell: Mephitic Cloud
  2073 | D:3      | HP: 1/29 [kobold brigand/+0 whip (11)]
  2073 | D:3      | Constricted to death by a ball python

Illustrated notes

Levels and vault maps discovered:
D:1:      giann_wishing_wells, layout_loops_cross
D:2:      layout_loops_corners, shapermc_ecumenical_altar_mp_vishouse
D:3:      layout_rooms, serial_shops, shop, kennysheep_generic_room_4

Skill      XL: |  1  2  3  4 |
---------------+-------------+-----
Dodging        | 1 |  1.3
Conjurations   | 1 |  1.1
Fighting       | |  1.9
Stealth        | |  1.3
Unarmed Combat | |  1.0
Spellcasting   | |  2.7
Earth Magic    | |  5.6

Action                   |  1- 3 |  4- 6 || total
-------------------------+-------+-------++-------
Melee: Dagger            |    53 |    47 ||   100
       Constrict         |    15 |    12 ||    27
       Punch             |     1 |     1 ||     2
       Tentacles         |    10 |     7 ||    17
  Use: Potion            |       |     3 ||     3
 Stab: Sleeping          |    13 |     2 ||    15
Armor: Skin              |       |     4 ||     4
Dodge: Dodged            |    23 |    49 ||    72

Table legend: (Time is in decaauts)
 A = Elapsed time spent in this place.
 B = Non-inter-level travel time spent in this place.
 C = Inter-level travel time spent in this place.
 D = Time resting spent in this place.
 E = Time spent auto-exploring this place.
 F = Levels seen in this place.
 G = Mean time per level.
                   A        B        C        D        E       F      G
               +--------+--------+--------+--------+--------+-----+--------+
         Total |   2071 |   1999 |     72 |     36 |   1606 |   3 |  690.3 |
       Dungeon |   2071 |   1999 |     72 |     36 |   1606 |   3 |  690.3 |
               +--------+--------+--------+--------+--------+-----+--------+

Top non-repeatable levels by time:
     D:2: 1039 daAuts
     D:1: 802 daAuts
     D:3: 230 daAuts
